 Dungeon Crawl Stone Soup version 0.31-a0-845-g9abc20d (webtiles) character file.

Game seed: 4314068159108103302

74496 BarneyGumball the Thaumaturge (level 13, 0/96 (101) HPs)
             Began as a Gnoll Earth Elementalist on Oct 2, 2023.
             Was the Champion of Ru.
             Killed from afar by Azrael (30 damage)
             ... with damnation
             ... on level 14 of the Dungeon.
             The game lasted 01:28:50 (25893 turns).

BarneyGumball the Thaumaturge (GnEE)               Turns: 25893, Time: 01:28:51

HP:   0/96 (101)    AC: 14    Str:  7    XL:     13   Next: 47%
MP:   6/27          EV:  8    Int: 24    God:    Ru [******]
Gold: 771           SH: 16    Dex: 12    Spells: 22/33 levels left

rFire   + . .        b - +3 falchion (elec)
rCold   . . .        V - +0 kite shield
rNeg    + . .        R - +2 scale mail {rF+}
rPois   .            F - +1 helmet {Int+3}
rElec   .            (no cloak)
rCorr   .            H - +0 pair of gloves
SInv    .            (no boots)
Will    .....        C - amulet of reflection
Stlth   +++          y - ring of positive energy
HPRegen 0.36/turn    L - ring of wizardry {=R}
MPRegen 0.20/turn

%: reflection, wizardry (x1)
@: wereblooded, freezing walls, very slightly contaminated, studying Long
Blades, lightly drained
A: fangs 1, inability to use devices, unskilled 1, inexperienced 2, strong nose,
distributed training
a: Renounce Religion, Draw Out Power, Power Leap, Apocalypse


You were on level 14 of the Dungeon.
You worshipped Ru.
Ru was exalted by your worship.
You visited 3 branches of the dungeon, and saw 21 of its levels.

You collected 1457 gold pieces.
You spent 686 gold pieces at shops.

Inventory:

Hand Weapons
 a - the +5 long sword "Doloumagh" {vamp, Will+}
   (You found it on level 8 of the Dungeon)

   Will+:     It increases your willpower.
 b - a +3 falchion of electrocution (weapon)
 A - the +6 spear "Taloluof" {freeze, rPois Str+4}
   (You found it on level 5 of the Dungeon)

   Str+4:     It affects your strength (+4).
   rPois:     It protects you from poison
 I - a +2 long sword of holy wrath
Missiles
 i - 9 poisoned darts
Armour
 F - a +1 helmet of intelligence (worn)
 G - +0 acid dragon scales
 H - a +0 pair of gloves (worn)
 R - a +2 scale mail of fire resistance (worn)
 V - a +0 kite shield (worn)
Magical Staves
 s - a staff of fire
Jewellery
 e - a ring of ice
 o - a ring of magical power
 y - a ring of positive energy (left hand)
 B - a ring of resist corrosion
 C - an amulet of reflection (around neck)
 D - a +5 ring of evasion
 J - a ring of see invisible
 L - a ring of wizardry (right hand) {=R}
 W - a +6 ring of strength
Talismans
 E - a maw talisman
Scrolls
 c - 5 scrolls of teleportation
 f - 2 scrolls of amnesia
 g - 5 scrolls of silence
 k - 2 scrolls of brand weapon {unknown}
 l - 4 scrolls of vulnerability
 p - a scroll of fear {unknown}
 q - 5 scrolls of enchant weapon
 u - a scroll of torment {unknown}
 v - 4 scrolls of fog
 w - a scroll of acquirement {unknown}
 N - a scroll of poison
 O - 2 scrolls of enchant armour {unknown}
 P - a scroll of immolation {unknown}
 Q - 2 scrolls of revelation {unknown}
Potions
 d - 2 potions of haste
 h - a potion of might
 j - 4 potions of magic
 m - 9 potions of curing
 n - 2 potions of attraction {unknown}
 t - 3 potions of lignification
 x - 4 potions of enlightenment
 z - a potion of berserk rage {unknown}
 K - 2 potions of mutation {unknown}
 M - 3 potions of resistance
 S - a potion of brilliance {unknown}
 T - a potion of ambrosia {unknown}
 U - a potion of heal wounds {unknown}


   Skills:
 + Level 9.4 Fighting
 + Level 9.4 Short Blades
 + Level 10.0 Long Blades
 + Level 9.4 Axes
 + Level 9.4 Maces & Flails
 + Level 9.4 Polearms
 + Level 9.4 Staves
 + Level 9.4 Ranged Weapons
 + Level 9.4 Throwing
 + Level 9.4 Armour
 + Level 10.3 Dodging
 + Level 10.2 Stealth
 + Level 9.4 Shields
 + Level 9.4 Unarmed Combat
 + Level 10.5 Spellcasting
 + Level 7.9 Conjurations
 + Level 7.9 Hexes
 + Level 7.9 Summonings
 + Level 7.9 Necromancy
 + Level 7.9 Translocations
 + Level 8.1 Transmutations
 + Level 7.9 Fire Magic
 + Level 7.9 Ice Magic
 + Level 7.9 Air Magic
 + Level 9.4 Earth Magic
 + Level 7.9 Poison Magic
 + Level 10.3 Invocations
   Level 0.0 Evocations
 + Level 8.6 Shapeshifting


You had 22 spell levels left.
You knew the following spells:

 Your Spells              Type           Power      Damage    Failure   Level
a - Sandblast             Erth           100%       2d20      1%          1
b - Frozen Ramparts       Ice            100%       1d16      8%          3
c - Stone Arrow           Conj/Erth      100%       3d13      6%          3
d - Wereblood             Tmut           51%        N/A       3%          2
e - Passwall              Tmut/Erth      44%        N/A       2%          2

Your spell library contained the following spells:

 Spells                   Type           Power      Damage    Failure   Level
 Ensorcelled Hibernation  Hex/Ice        100%       N/A       4%          2
 Sublimation of Blood     Necr           50%        N/A       4%          2
 Inner Flame              Hex/Fire       50%        N/A       8%          3
 Ozocubu's Armour         Ice            50%        N/A       8%          3
 Summon Guardian Golem    Hex/Summ       50%        N/A       8%          3
 Swiftness                Air            50%        N/A       8%          3
 Petrify                  Tmut/Erth      53%        N/A       16%         4
 Brom's Barrelling Bould  Conj/Erth      53%        2d7       17%         4
 Animate Dead             Necr           50%        N/A       24%         4
 Flame Wave               Conj/Fire      50%        2d12      24%         4
 Sticky Flame             Conj/Fire      50%        2d7       24%         4
 Summon Ice Beast         Ice/Summ       50%        N/A       24%         4
 Vhi's Electric Charge    Tloc/Air       100%       N/A       24%         4
 Arcjolt                  Conj/Air       25%        1d35      52%         5
 Metabolic Englaciation   Hex/Ice        25%        N/A       52%         5
 Summon Mana Viper        Hex/Summ       50%        N/A       52%         5
 Plasma Beam              Fire/Air       25%        2x1d37    97%         6
 Simulacrum               Ice/Necr       25%        N/A       97%         6
 Haunt                    Necr/Summ      25%        N/A       100%        7
 Monstrous Menagerie      Summ           25%        N/A       100%        7
 Orb of Destruction       Conj           25%        9d9       100%        7
 Spellforged Servitor     Conj/Summ      25%        N/A       100%        7
 Summon Hydra             Summ           25%        N/A       100%        7
 Infestation              Necr           25%        N/A       100%        8


Dungeon Overview and Level Annotations

Branches:
Dungeon (15/15)            Temple (1/1) D:5            Lair (5/5) D:9
  Swamp (0/4) Lair:3       Spider (0/4) Lair:2          Orc (0/2) D:10
 Depths (0/4) D:15
  Slime: Lair:4-5    Vaults: D:13-14

Altars:
Ashenzari
Cheibriados
Dithmenos
Elyvilon
Fedhas
Gozag
Hepliaklqana
Kikubaaqudgha
Makhleb
Nemelex Xobeh
Okawaru
Qazlal
Ru
Sif Muna
Trog
Uskayaw
Vehumet
Wu Jian
Xom
Yredelemnul
Zin
The Shining One

Shops:
D:4 **(((   D:8 **   D:13 (

Portals:
Trove: D:10 (give 16 potions of curing)

Annotations:
D:4 Sigmund
D:7 2 transporters, witwit's ghost, novice DrSh
D:10 2 transporters
D:13 2 transporters
D:14 Azrael
D:15 Roxanne
Lair:5 Rupert


Innate Abilities, Weirdness & Mutations

You have very sharp teeth.
You cannot study or use magical devices.
You are somewhat unskilled. (-1 Apt)
You are inexperienced. (-2 XL)
Your uncanny sense of smell can sniff out nearby items.
Your experience applies equally to all skills.


Message History

The stone arrow hits Azrael!!
Azrael is severely wounded.
You hear a bark!
Azrael is frozen!
The wall freezes Azrael.
Azrael begins to attack, but is stunned by your conviction!
Casting: Stone Arrow (mildly dangerous; 6% risk of failure)
Confirm with . or Enter, or press ? or * to list all spells.
Aiming: Stone Arrow (mildly dangerous; 6% risk of failure)
Press: ? - help, Shift-Dir - straight line, f/p - Azrael
Aim: Azrael, wielding a +2 scimitar of flaming (almost dead, softly glowing, 94% to hit)
You miscast Stone Arrow.
You are very lightly contaminated with residual magic.
Nothing appears to happen.
The frozen ramparts melt away.
Azrael hits you with a +2 scimitar of flaming.
Azrael burns you.
Casting: Stone Arrow (mildly dangerous; 6% risk of failure)
Confirm with . or Enter, or press ? or * to list all spells.
Aiming: Stone Arrow (mildly dangerous; 6% risk of failure)
Press: ? - help, Shift-Dir - straight line, f/p - Azrael
Aim: Azrael, wielding a +2 scimitar of flaming (almost dead, softly glowing, 94% to hit)
The stone arrow hits Azrael!
Azrael is almost dead.
A hell hound comes into view.
Azrael hits you with a +2 scimitar of flaming!
Azrael burns you.
The hell hound barks!
Casting: Stone Arrow (mildly dangerous; 6% risk of failure)
Confirm with . or Enter, or press ? or * to list all spells.
Casting: Frozen Ramparts (dangerous; 8% risk of failure)
Press: ? - help, Dir - look around, f - activate The walls around you are covered in ice.
Azrael stops glowing.
The hell hound is frozen!
The wall freezes the hell hound!
The hell hound is frozen!
The wall freezes the hell hound!
The hell hound is frozen!
The wall freezes the hell hound!
The hell hound begins to attack, but is stunned by your conviction!
The wall freezes Azrael but does no damage.
Azrael gestures at you.
The sphere of damnation explodes!
The damnation engulfs you!!
You die...

#..(# #.### ##'#######
#........# #####
#........# ......
#........###......
#........#h'☼○....
#........#R# #........'@#
#........### #........#
#.......># #+####
###..##### #....#
##.####### ####.####
#........# #.......#
#........# #.......#
#........#####.......#####


You could see Azrael and a hell hound.

Vanquished Creatures
  Agnes (D:14)
  Fannar (D:11)
  6 hydras
  A catoblepas (Lair:5)
  5 boulder beetles
  2 two-headed ogres
  5 death yaks
  3 tengu warriors
  2 skysharks
  2 bog bodies (Lair:3)
  An orc knight (D:13)
  A wizard (D:15)
  Pikel (D:7)
  7 deep elf pyromancers
  A harpy (shapeshifter) (D:13)
  14 ugly things
  A necromancer (D:15)
  An orc sorcerer (D:15)
  4 cyclopes
  5 manticores
  14 elephants
  A naga mage (D:15)
  7 black mambas
  A centaur zombie (D:15)
  A torpor snail (Lair:4)
  2 gargoyles
  9 cane toads
  A kobold demonologist (D:13)
  A centaur skeleton (D:15)
  2 rime drakes
  A rime drake (shapeshifter) (D:13)
  A freezing wraith (D:15)
  8 komodo dragons
  4 trolls
  A hornet (D:10)
  7 polar bears
  17 blink frogs
  A harpy skeleton (D:15)
  A dream sheep (Lair:4)
  10 slime creatures
  3 culicivoras (Lair:2)
  A spriggan (shapeshifter) (D:14)
  65 yaks
  A vampire (D:12)
  2 jumping spiders (Lair:2)
  A wraith (D:12)
  5 wyverns
  2 fire elementals (D:14)
  7 basilisks
  A steam dragon (Lair:2)
  Edmund (D:4)
  2 swamp worms (D:8)
  2 wargs
  14 water moccasins
  2 acid dragons
  2 hell hounds (D:14)
  6 orc warriors
  4 ice beasts
  3 ogres
  3 sky beasts
  A black bear (D:5)
  An ice beast (shapeshifter) (D:14)
  12 wolves
  2 centaurs (D:6)
  A phantom (D:7)
  A kobold brigand (D:10)
  11 bullfrogs
  A gnoll sergeant (D:8)
  3 scorpions (D:5)
  8 wights
  7 killer bees (D:9)
  7 howler monkeys
  4 electric eels (Lair:5)
  A hound (D:5)
  6 orc priests
  A jelly (D:5)
  5 iguanas
  23 orc wizards
  A boggart skeleton (D:15)
  10 gnolls
  7 adders
  2 white imps
  An ufetubus (D:5)
  2 dart slugs
  2 worms
  58 orcs
  7 ball pythons
  10 bats
  5 endoplasms
  3 giant cockroaches
  10 hobgoblins
  4 jackals
  5 quokkas
  4 frilled lizards
  2 goblins (D:1)
  19 kobolds
  3 rats
  A butterfly (Lair:4)
532 creatures vanquished.

Vanquished Creatures (others)
  A deep elf pyromancer (D:15)
  A manticore (D:11)
  A cane toad (Lair:1)
  2 yaks
  An orc (D:9)
6 creatures vanquished.

Grand Total: 538 creatures vanquished

Notes
Turn   | Place    | Note
-------+----------+-------------------------------------------
     0 | D:1      | BarneyGumball the Gnoll Earth Elementalist began the quest
                  | for the Orb.
     0 | D:1      | Reached XP level 1. HP: 13/13 MP: 6/6
   302 | D:1      | Reached XP level 2. HP: 19/19 MP: 5/7
   934 | D:1      | Reached skill level 5 in Spellcasting
   934 | D:1      | Reached XP level 3. HP: 25/25 MP: 6/9
  1387 | D:2      | Reached skill level 1 in Invocations
  1474 | D:2      | Reached skill level 1 in Fighting
  1474 | D:2      | Reached skill level 1 in Short Blades
  1474 | D:2      | Reached skill level 1 in Long Blades
  1474 | D:2      | Reached skill level 1 in Axes
  1474 | D:2      | Reached skill level 1 in Maces & Flails
  1474 | D:2      | Reached skill level 1 in Polearms
  1474 | D:2      | Reached skill level 1 in Staves
  1474 | D:2      | Reached skill level 1 in Ranged Weapons
  1474 | D:2      | Reached skill level 1 in Throwing
  1474 | D:2      | Reached skill level 1 in Armour
  1474 | D:2      | Reached skill level 1 in Shields
  1474 | D:2      | Reached skill level 1 in Unarmed Combat
  1474 | D:2      | Reached skill level 1 in Evocations
  1479 | D:2      | Learned a level 3 spell: Stone Arrow
  1550 | D:2      | Found a faded altar of an unknown god.
  1559 | D:2      | Reached XP level 4. HP: 32/32 MP: 8/11
  1618 | D:2      | Reached skill level 1 in Shapeshifting
  2086 | D:3      | Reached skill level 1 in Conjurations
  2086 | D:3      | Reached skill level 1 in Hexes
  2086 | D:3      | Reached skill level 1 in Summonings
  2086 | D:3      | Reached skill level 1 in Necromancy
  2086 | D:3      | Reached skill level 1 in Translocations
  2086 | D:3      | Reached skill level 1 in Fire Magic
  2086 | D:3      | Reached skill level 1 in Ice Magic
  2086 | D:3      | Reached skill level 1 in Air Magic
  2086 | D:3      | Reached skill level 1 in Poison Magic
  2246 | D:3      | Learned a level 2 spell: Passwall
  2249 | D:3      | Learned a level 2 spell: Wereblood
  2484 | D:3      | Reached XP level 5. HP: 37/37 MP: 9/12
  2699 | D:4      | Noticed Sigmund
  2785 | D:4      | Found Vauv's Antique Weapon Shoppe.
  2929 | D:4      | Found Hiup's Antique Weapon Shoppe.
  3011 | D:4      | Found Vuguovog's Antique Weapon Emporium.
  3342 | D:4      | Noticed Edmund
  3441 | D:5      | Entered Level 5 of the Dungeon
  3451 | D:5      | Found a staircase to the Ecumenical Temple.
  3472 | Temple   | Entered the Ecumenical Temple
  3483 | Temple   | Became a worshipper of Ru the Awakened
  3552 | D:5      | Reached XP level 6. HP: 44/44 MP: 6/13
  3651 | D:5      | Reached skill level 5 in Dodging
  3784 | D:5      | Found an opulent altar of Gozag.
  3791 | D:5      | Found a stormy altar of Qazlal.
  3794 | D:5      | Found a burning altar of Makhleb.
  3794 | D:5      | Found a basalt altar of Yredelemnul.
  3801 | D:5      | Found a snail-covered altar of Cheibriados.
  3872 | D:5      | Reached XP level 7. HP: 50/50 MP: 5/15
  4098 | D:5      | Found a glowing golden altar of the Shining One.
  4432 | D:5      | Reached skill level 5 in Stealth
  4502 | D:5      | Identified the +6 spear "Taloluof" {freeze, rPois Str+4}
  4660 | D:5      | Reached XP level 8. HP: 50/58 MP: 9/16
  5300 | D:6      | Found a shimmering altar of Xom.
  5330 | D:6      | Found a radiant altar of Vehumet.
  5678 | D:6      | Gained mutation: You cannot study or use magical devices.
                  | [Ru sacrifice]
  5678 | D:6      | Reached * piety under Ru
  5678 | D:6      | Reached ** piety under Ru
  5695 | D:6      | Found an ornate altar of the Wu Jian Council.
  5964 | D:6      | Found a runed translucent door.
  6684 | D:6      | Reached XP level 9. HP: 42/65 MP: 8/18
  7381 | D:7      | Found a bloodstained altar of Trog.
  7399 | D:7      | Found a transporter.
  7400 | D:7      | Found a transporter.
  7400 | D:7      | Noticed witwit's ghost (novice DrSh)
  7675 | D:7      | Reached skill level 5 in Invocations
  7936 | D:4      | Killed Edmund
  8289 | D:4      | Found Lococi's Assorted Antiques.
  8307 | D:4      | Found Vocwuj's Assorted Antiques.
  8317 | D:4      | Bought a dull robe for 148 gold pieces
  8317 | D:4      | Identified the +0 robe of the Ego {rN+} (You bought it in a
                  | shop on level 4 of the Dungeon)
  8337 | D:4      | Bought a runed helmet for 165 gold pieces
  8635 | D:8      | Noticed Pikel
  8649 | D:7      | Killed Pikel
  8650 | D:7      | Reached skill level 5 in Fighting
  8650 | D:7      | Reached skill level 5 in Short Blades
  8650 | D:7      | Reached skill level 5 in Long Blades
  8650 | D:7      | Reached skill level 5 in Axes
  8650 | D:7      | Reached skill level 5 in Maces & Flails
  8650 | D:7      | Reached skill level 5 in Polearms
  8650 | D:7      | Reached skill level 5 in Staves
  8650 | D:7      | Reached skill level 5 in Ranged Weapons
  8650 | D:7      | Reached skill level 5 in Throwing
  8650 | D:7      | Reached skill level 5 in Armour
  8650 | D:7      | Reached skill level 5 in Shields
  8650 | D:7      | Reached skill level 5 in Unarmed Combat
  8650 | D:7      | Reached XP level 10. HP: 53/74 MP: 2/20
  9218 | D:8      | Identified the +5 long sword "Doloumagh" {vamp, Will+}
  9297 | D:8      | Gained mutation: You are somewhat unskilled. (-1 Apt) [Ru
                  | sacrifice]
  9297 | D:8      | Reached *** piety under Ru
  9464 | D:8      | Found Fet Dir's General Store.
  9633 | D:8      | Bought a potion of haste for 130 gold pieces
  9693 | D:8      | Found Befirhud's Assorted Antiques.
 10271 | D:9      | Reached skill level 5 in Fighting
 10271 | D:9      | Reached skill level 5 in Short Blades
 10271 | D:9      | Reached skill level 5 in Long Blades
 10271 | D:9      | Reached skill level 5 in Axes
 10271 | D:9      | Reached skill level 5 in Maces & Flails
 10271 | D:9      | Reached skill level 5 in Polearms
 10271 | D:9      | Reached skill level 5 in Staves
 10271 | D:9      | Reached skill level 5 in Ranged Weapons
 10271 | D:9      | Reached skill level 5 in Throwing
 10271 | D:9      | Reached skill level 5 in Armour
 10271 | D:9      | Reached skill level 5 in Shields
 10271 | D:9      | Reached skill level 5 in Unarmed Combat
 10657 | D:9      | Found a staircase to the Lair.
 10657 | D:9      | Noticed a death yak
 11010 | D:10     | Entered Level 10 of the Dungeon
 11048 | D:10     | Reached XP level 11. HP: 40/80 MP: 16/21
 11140 | D:10     | Found a staircase to the Orcish Mines.
 11177 | D:10     | Reached skill level 5 in Transmutations
 11177 | D:10     | Reached skill level 5 in Shapeshifting
 11225 | D:10     | Found an iron altar of Okawaru.
 11228 | D:10     | Found a sparkling altar of Nemelex Xobeh.
 11235 | D:10     | Found a hide-covered altar of Uskayaw.
 11255 | D:10     | Learned a level 3 spell: Frozen Ramparts
 11380 | D:10     | Found an ancient bone altar of Kikubaaqudgha.
 11633 | D:10     | Found a transporter.
 11750 | D:10     | Found a transporter.
 11785 | D:10     | Found a portal to a secret trove of treasure.
 11850 | D:10     | Found a white marble altar of Elyvilon.
 11939 | D:10     | Gained mutation: You are somewhat inexperienced. (-1 XL)
                  | [Ru sacrifice]
 11939 | D:10     | Reached XP level 10. HP: 76/76 MP: 21/21
 11939 | D:10     | Reached **** piety under Ru
 11939 | D:10     | Reached ***** piety under Ru
 12073 | D:11     | Noticed a two-headed ogre
 12105 | D:11     | Killed a two-headed ogre
 12312 | D:11     | Noticed a manticore
 12312 | D:11     | Noticed a manticore
 12339 | D:11     | Killed a manticore
 12440 | D:11     | Noticed a red ugly thing
 12538 | D:9      | Killed a death yak
 12539 | D:9      | Reached skill level 5 in Conjurations
 12539 | D:9      | Reached skill level 5 in Hexes
 12539 | D:9      | Reached skill level 5 in Summonings
 12539 | D:9      | Reached skill level 5 in Necromancy
 12539 | D:9      | Reached skill level 5 in Translocations
 12539 | D:9      | Reached skill level 5 in Fire Magic
 12539 | D:9      | Reached skill level 5 in Ice Magic
 12539 | D:9      | Reached skill level 5 in Air Magic
 12539 | D:9      | Reached skill level 5 in Poison Magic
 12642 | Lair:1   | Entered Level 1 of the Lair of Beasts
 13586 | Lair:2   | Noticed a death yak
 13593 | Lair:2   | Noticed a death yak
 13616 | Lair:2   | Killed a death yak
 13617 | Lair:2   | Reached XP level 11. HP: 73/82 MP: 22/22
 13656 | Lair:2   | Noticed a death yak
 13656 | Lair:2   | Noticed a death yak
 13668 | Lair:2   | Killed a death yak
 13678 | Lair:2   | Killed a death yak
 13683 | Lair:2   | Killed a death yak
 14103 | Lair:2   | Found a hole to the Spider Nest.
 15361 | Lair:3   | Noticed a six-headed hydra
 15372 | Lair:3   | Killed a seven-headed hydra
 15373 | Lair:3   | Reached XP level 12. HP: 19/87 MP: 13/24
 15750 | Lair:3   | Found a staircase to the Swamp.
 17785 | Lair:4   | Reached XP level 13. HP: 78/98 MP: 26/26
 18400 | Lair:5   | Entered Level 5 of the Lair of Beasts
 19743 | Lair:5   | Gained mutation: You are inexperienced. (-2 XL) [Ru
                  | sacrifice]
 19743 | Lair:5   | Reached XP level 12. HP: 94/94 MP: 25/25
 19743 | Lair:5   | Reached ****** piety under Ru
 20206 | Lair:5   | Noticed Rupert
 20626 | D:11     | HP: 3/94 [gargoyle/stone arrow (18)]
 21010 | D:11     | Noticed Fannar
 21064 | D:11     | Killed Fannar
 22311 | D:12     | Reached skill level 10 in Spellcasting
 22489 | D:8      | Bought a pitted ring mail for 243 gold pieces
 22489 | D:8      | Identified the +1 ring mail of Delightful Knowledge {MP+9}
                  | (You bought it in a shop on level 8 of the Dungeon)
 23481 | D:13     | Found a transporter.
 23482 | D:13     | Found Xemuomol's Weapon Boutique.
 23485 | D:13     | Found a transporter.
 23659 | D:13     | Reached skill level 10 in Dodging
 23843 | D:13     | You fall into a shaft and drop 2 floors!
 23843 | D:15     | Entered Level 15 of the Dungeon
 23864 | D:15     | Noticed Roxanne
 23939 | D:15     | Reached XP level 13. HP: 65/101 MP: 19/27
 24167 | D:15     | Reached skill level 10 in Invocations
 24180 | D:15     | Reached skill level 10 in Stealth
 24573 | D:15     | Found a staircase to the Depths.
 25241 | D:14     | Noticed Agnes
 25253 | D:14     | Killed Agnes
 25734 | D:14     | Reached skill level 10 in Long Blades
 25882 | D:14     | Noticed Azrael
 25893 | D:14     | Killed from afar by Azrael

Illustrated notes

Levels and vault maps discovered:
D:1:      minmay_arrival_floating_metal, layout_basic, minmay_unequal
D:2:      layout_basic, ebering_ecumenical_altar_ruins,
          nicolae_concentric_dashed_squares_mild
D:3:      layout_basic, serial_rivers, chequers_serial_rivers_large_b,
          chequers_serial_rivers_micro_d, chequers_serial_rivers_room_a,
          chequers_serial_rivers_marsh, chequers_serial_rivers_micro_d,
          chequers_serial_rivers_room_b, kennysheep_generic_room_14
D:4:      layout_basic, serial_shops, nicolae_stop_n_shop_2, shop,
          nicolae_shop_real_fake_doors, shop, nicolae_lakefront_shop,
          uniq_edmund, uniq_sigmund
D:5:      minmay_razor_zed, layout_loops_ring, lemuel_doored_altar,
          nicolae_overflow_hallway_of_the_gods, temple_pool_b
D:6:      layout_loops_ring, xom_teletrap_fun, overflow_temple_1_default,
          nzn_wu_jian_council_hall, corexii_shack, lightli_church_of_beogh
D:7:      layout_cave_pools, trog_three_pillars_becter, gammafunk_ghost_arena
D:8:      layout_cave_pools, serial_shops, kennysheep_mini_moat, shop,
          worms_lemuel, uniq_pikel
D:9:      layout_loops_ring, david_lair_generic
D:10:     gammafunk_cloud_chamber, layout_rooms, nicolae_overflow_crystal_walls,
          elyvilon_altar_5, grunt_temple_overflow_open, david_orc_3,
          nicolae_trove_entry_crossroad
D:11:     layout_gridville, uniq_fannar
D:12:     layout_cross
D:13:     layout_basic, serial_shops, nicolae_shop_drivethru
D:14:     layout_roguey, hellmonk_vaults_attempted_burglary,
          hellmonk_okawaru_the_only_friend_you_need, minmay_misc_feat_diagonals,
          drop_trap, uniq_jorgrun, uniq_azrael, uniq_agnes
D:15:     grunt_enter_depths_magical_seal, layout_basic,
          hangedman_abyss_or_decor_clamps, uniq_josephine, uniq_roxanne
Temple:   nicolae_temple_ecumenical_triangle
Lair:1:   layout_chaotic_city
Lair:2:   layout_chaotic_city, nicolae_spider_entry_tight_spaces,
          grunt_megastairs_4
Lair:3:   layout_small_grid, skrybe_swamp_entry_bodies
Lair:4:   layout_gridlike, nzn_random_ring, lemuel_fruit_fields
Lair:5:   grunt_lair_end_beastmaster, layout_big_grid,
          dpeg_slime_entry_enclosed, serial_bayou_lake_a, uniq_rupert

Skill      XL: |  1  2  3  4  5  6  7  8  9 10 11 12 13 |
---------------+----------------------------------------+-----
Transmutations | 2 3 4 6 7 8 |  8.1
Spellcasting   | 5 6 7 7 8 10 | 10.5
Invocations    | 1 2 3 4 5 8 9 10 | 10.3
Fighting       | 1 2 3 5 6 7 9 |  9.4
Short Blades   | 1 2 3 5 6 7 9 |  9.4
Long Blades    | 1 2 3 5 6 7 9 10 | 10.0
Axes           | 1 2 3 5 6 7 9 |  9.4
Maces & Flails | 1 2 3 5 6 7 9 |  9.4
Polearms       | 1 2 3 5 6 7 9 |  9.4
Staves         | 1 2 3 5 6 7 9 |  9.4
Ranged Weapons | 1 2 3 5 6 7 9 |  9.4
Throwing       | 1 2 3 5 6 7 9 |  9.4
Armour         | 1 2 3 5 6 7 9 |  9.4
Shields        | 1 2 3 5 6 7 9 |  9.4
Unarmed Combat | 1 2 3 5 6 7 9 |  9.4
Evocations     | 1 2 3 0 |  0.0
Shapeshifting  | 1 2 3 4 6 8 |  8.6
Conjurations   | 1 2 3 4 5 6 7 |  7.9
Hexes          | 1 2 3 4 5 6 7 |  7.9
Summonings     | 1 2 3 4 5 6 7 |  7.9
Necromancy     | 1 2 3 4 5 6 7 |  7.9
Translocations | 1 2 3 4 5 6 7 |  7.9
Fire Magic     | 1 2 3 4 5 6 7 |  7.9
Ice Magic      | 1 2 3 4 5 6 7 |  7.9
Air Magic      | 1 2 3 4 5 6 7 |  7.9
Poison Magic   | 1 2 3 4 5 6 7 |  7.9
Dodging        | 5 6 6 8 10 | 10.3
Stealth        | 5 6 8 9 10 | 10.2
Earth Magic    | 6 6 8 9 |  9.4

Action                     |  1- 3 |  4- 6 |  7- 9 | 10-12 | 13-15 || total
---------------------------+-------+-------+-------+-------+-------++-------
  Melee: Trident           |     4 |       |       |       |       ||     4
         Quarterstaff      |     4 |     7 |       |       |       ||    11
         Dagger            |       |    15 |    14 |       |       ||    29
         Flail             |       |     8 |       |       |       ||     8
         Bite              |       |     6 |     6 |   134 |    38 ||   184
         Spear             |       |       |    70 |       |       ||    70
         Punch             |       |       |     2 |       |       ||     2
         Falchion          |       |       |    15 |    24 |    17 ||    56
         Long sword        |       |       |       |   850 |   242 ||  1092
  Throw: Dart              |       |       |     6 |   183 |    17 ||   206
         Throwing net      |       |       |       |     2 |       ||     2
   Cast: Sandblast         |    44 |    48 |    47 |    23 |       ||   162
         Stone Arrow       |       |    10 |    85 |   172 |    50 ||   317
         Wereblood         |       |       |       |    18 |     8 ||    26
         Frozen Ramparts   |       |       |       |    50 |    27 ||    77
 Invoke: Sacrifice Artific |       |       |     1 |       |       ||     1
         Sacrifice Experie |       |       |       |     2 |       ||     2
         Power Leap        |       |       |       |     1 |       ||     1
         Sacrifice Skill   |       |       |       |     1 |       ||     1
         Apocalypse        |       |       |       |     4 |     1 ||     5
         Draw Out Power    |       |       |       |     4 |     4 ||     8
         Reject Sacrifices |       |       |       |     1 |       ||     1
    Use: Scroll            |       |       |    10 |     9 |     1 ||    20
         Potion            |       |       |       |     7 |     1 ||     8
   Stab: Sleeping          |       |       |     1 |       |       ||     1
         Invisible         |       |       |       |    12 |     2 ||    14
         Distracted        |       |       |       |     4 |     3 ||     7
         Held in net/web   |       |       |       |     1 |       ||     1
         Paralysed         |       |       |       |    12 |     3 ||    15
 Armour: Robe              |    12 |    29 |    62 |    64 |       ||   167
         Acid dragon scale |       |       |       |   262 |       ||   262
         Scale mail        |       |       |       |   218 |   216 ||   434
  Dodge: Dodged            |     6 |    26 |    73 |   341 |    88 ||   534
  Block: Buckler           |       |       |     4 |   369 |    81 ||   454
         Other             |       |       |     3 |       |       ||     3
         Reflection        |       |       |       |     7 |     1 ||     8
         Kite shield       |       |       |       |    52 |    80 ||   132

Table legend: (Time is in decaauts)
 A = Elapsed time spent in this place.
 B = Non-inter-level travel time spent in this place.
 C = Inter-level travel time spent in this place.
 D = Time resting spent in this place.
 E = Time spent auto-exploring this place.
 F = Levels seen in this place.
 G = Mean time per level.
                   A        B        C        D        E       F      G
               +--------+--------+--------+--------+--------+-----+--------+
         Total |  26071 |  24513 |   1558 |   2810 |  16860 |  21 | 1241.5 |
       Dungeon |  18192 |  16944 |   1248 |   1794 |  12063 |  15 | 1212.8 |
        Temple |     22 |     11 |     11 |      0 |      0 |   1 |   22.0 |
          Lair |   7856 |   7557 |    299 |   1016 |   4796 |   5 | 1571.2 |
               +--------+--------+--------+--------+--------+-----+--------+

Top non-repeatable levels by time:
  Lair:4: 2066 daAuts
     D:6: 1932 daAuts
    D:11: 1911 daAuts
  Lair:2: 1703 daAuts
     D:5: 1700 daAuts
    D:13: 1563 daAuts
  Lair:3: 1556 daAuts
  Lair:5: 1553 daAuts
     D:9: 1352 daAuts
     D:4: 1278 daAuts
     D:1: 1135 daAuts
     D:7: 1133 daAuts
     D:8: 1114 daAuts
    D:10: 1053 daAuts
  Lair:1: 976 daAuts
